 Dungeon Crawl Stone Soup version 0.31.0-11-ge490571c62 (webtiles) character file.

Game seed: 13479437492437280931

39 GravyDonson the Firebug (level 3, -2/21 HPs)
             Began as an Octopode Fire Elementalist on Feb 2, 2024.
             Was a Follower of Uskayaw.
             Succumbed to a water moccasin's poison
             ... on level 4 of the Dungeon.
             The game lasted 00:11:39 (891 turns).

GravyDonson the Firebug (Octopode Fire Elementalist) Turns: 891, Time: 00:11:39

Health: -2/21      AC:  1    Str:  7    XL:     3   Next: 45%
Magic:  3/6        EV: 13    Int: 19    God:    Uskayaw [*.....]
Gold:   80         SH:  0    Dex: 12    Spells: 5/6 levels left

rFire   . . .        (no weapon)
rCold   . . .        (no shield)
rNeg    . . .        (helmet restricted)
rPois   .            (no amulet)
rElec   .            (no ring)
rCorr   .            (no ring)
SInv    .            (no ring)
Will    .....        (no ring)
Stlth   +++          (no ring)
HPRegen 0.23/turn    (no ring)
MPRegen 0.10/turn    (no ring)
                     (no ring)

%: no passive effects
@: lethally poisoned (-2 -> -12)
A: almost no armour, amphibious, 8 rings, camouflage 1, gelatinous body 1,
(nimble swimmer 1), tentacles
a: Renounce Religion, Stomp


You were on level 4 of the Dungeon.
You worshipped Uskayaw.
Uskayaw was noncommittal.
You visited 1 branch of the dungeon, and saw 3 of its levels.

You collected 80 gold pieces.

Inventory:

Armour
 d - a +0 scale mail
 j - a +2 cloak
Jewellery
 b - a ring of wizardry
Scrolls
 c - a scroll of vulnerability {unknown}
 e - 2 scrolls of teleportation {unknown}
 f - a scroll of identify {unknown}
 h - a scroll of enchant armour {unknown}
Potions
 a - a potion of magic
 g - 2 potions of berserk rage {unknown}
 i - a potion of might {unknown}
 k - a potion of degeneration {unknown}


   Skills:
 + Level 0.3 Fighting
 + Level 2.3 Dodging
 + Level 3.0 Stealth
 + Level 2.4 Spellcasting
 + Level 1.3 Conjurations
 + Level 3.5 Fire Magic


You had 5 spell levels left.
You knew the following spells:

 Your Spells              Type           Power      Damage    Failure   Level
a - Foxfire               Conj/Fire      44%        2x1d6     6%          1

Your spell library contained the following spells:

 Spells                   Type           Power      Damage    Failure   Level
 Scorch                   Fire           30%        2d6       6%          2
 Necrotise                Necr           8%         1d4       16%         1
 Inner Flame              Hex/Fire       9%         N/A       24%         3
 Volatile Blastmotes      Fire/Tloc      18%        2d11      24%         3
 Gell's Gravitas          Tloc           2%         N/A       43%         3
 Teleport Other           Tloc           2%         N/A       43%         3
 Tukima's Dance           Hex            2%         N/A       43%         3
 Vampiric Draining        Necr           2%         2d6       43%         3
 Flame Wave               Conj/Fire      11%        2d6       52%         4
 Iskenderun's Mystic Bla  Conj/Tloc      4%         2d3       77%         4
 Dimensional Bullseye     Hex/Tloc       1%         N/A       85%         4
 Martyr's Knell           Necr/Summ      2%         N/A       85%         4
 Curse of Agony           Necr           2%         N/A       99%         5
 Dispersal                Tloc           1%         N/A       100%        6


Dungeon Overview and Level Annotations

Branches:
Dungeon (2/15)

Altars:
Uskayaw

Shops:
D:1 [!


Innate Abilities, Weirdness & Mutations

You cannot wear most types of armour.
You are amphibious.
You can wear up to eight rings at the same time.
Your skin changes colour to match your surroundings (Stealth+).
Your rubbery body absorbs attacks. (AC +1, EV +1)
((You are camouflaged when in or above water. (Stealth+)))
You have tentacles for arms and can constrict up to eight enemies at once.


Message History

You fall into a shaft and drop 2 floors!
The shaft crumbles and collapses.
HP restored.
Found a sedimented golden potion.
Found a whip.
A water moccasin comes into view.
The water moccasin moves out of view.
The water moccasin hisses angrily.
You miscast Foxfire.
You are very lightly contaminated with residual magic.
Nothing appears to happen.
You conjure some foxfire!
You tentacle-slap the water moccasin but do no damage.
Your grab misses the water moccasin.
The foxfire hits the water moccasin.
The water moccasin is lightly wounded.
The foxfire hits the water moccasin but does no damage.
The water moccasin is lightly wounded.
The water moccasin closely misses you.
You conjure some foxfire!
The water moccasin bites you! The water moccasin bites you.
You are lethally poisoned!
The water moccasin poisons you!
You tentacle-slap the water moccasin but do no damage.
You grab the water moccasin.
You constrict the water moccasin, but do no damage.
You feel very sick.
The foxfire hits the water moccasin.
The water moccasin is lightly wounded.
The foxfire hits the water moccasin.
The water moccasin is lightly wounded.
The water moccasin misses you.
Your magical contamination has completely faded away.
You release your grip on the water moccasin.
* * * LOW HITPOINT WARNING * * *
You feel very sick.
The water moccasin attacks as it pursues you!
The water moccasin bites you.
* * * LOW HITPOINT WARNING * * *
The water moccasin misses you.
You die...

...............
####.#.##
#.......#
#.##....# #
#....# #....#
#S...# #.####
### #@# ... #.#
#.# #.# #.# #.#
#.# #.# #.# #.#
#.# #.# #.#.#.#
#.#.#.#


You could see a water moccasin.

Vanquished Creatures
  An adder (D:2)
  A ribbon worm (D:2)
  4 ball pythons (D:1)
  2 endoplasms
  A giant cockroach (D:2)
  2 goblins (D:2)
  3 hobgoblins
  5 quokkas
  A bat (D:1)
  4 rats
24 creatures vanquished.

Vanquished Creatures (others)
  39 foxfires
39 creatures vanquished.

Grand Total: 63 creatures vanquished

Notes
Turn   | Place    | Note
-------+----------+-------------------------------------------
     0 | D:1      | GravyDonson the Octopode Fire Elementalist began the quest
                  | for the Orb.
     0 | D:1      | Reached XP level 1. HP: 11/11 MP: 3/3
   255 | D:1      | Reached XP level 2. HP: 17/17 MP: 1/5
   306 | D:1      | Found a faded altar of an unknown god.
   308 | D:1      | Found Kilul's Distillery.
   321 | D:1      | Prayed at the altar of an unknown god.
   321 | D:1      | Became a worshipper of Uskayaw the Reveller
   321 | D:1      | Reached * piety under Uskayaw
   547 | D:1      | Found Fuakhioc's Armour Shop.
   609 | D:2      | Reached ** piety under Uskayaw
   646 | D:2      | Reached XP level 3. HP: 21/21 MP: 3/6
   757 | D:2      | Reached *** piety under Uskayaw
   793 | D:2      | You fall into a shaft and drop 2 floors!
   878 | D:4      | Noticed a water moccasin
   890 | D:4      | HP: 1/21 [water moccasin (4)]
   891 | D:4      | Succumbed to a water moccasin's poison

Illustrated notes

Levels and vault maps discovered:
D:1:      psy_arrival_heroes, layout_basic, ebering_ecumenical_altar_abandoned,
          serial_shops, nicolae_shop_hallway_stairs, shop_statue,
          item_on_display_a
D:2:      layout_basic
D:4:      layout_basic, nicolae_titane

Skill      XL: |  1  2  3 |
---------------+----------+-----
Stealth        | 3 |  3.0
Fighting       | |  0.3
Dodging        | |  2.3
Spellcasting   | |  2.4
Conjurations   | |  1.3
Fire Magic     | |  3.5

Action                     || total
---------------------------++-------
  Melee: Unarmed           ||    39
         Constrict         ||    11
         Tentacles         ||     8
         Punch             ||     1
   Cast: Foxfire           ||    26
   Stab: Sleeping          ||     3
 Armour: Skin              ||    32
  Dodge: Dodged            ||    45
